Map: Hielo y cromo EE

Players

Wileykyoti - Winner!

  • Race: Protoss Protoss
  • League: Gold
  • Spawn Location: 1:00

MrFercho

  • Race: Zerg Zerg
  • League: Gold
  • Spawn Location: 7:00

VOD

Have the link to the VOD?

Description

Time

  • Played on: Aug. 18, 2020, 8:37 p.m.
  • Length: 16:40
Show
View Real Time Build Order
Export as new Build Order

Wileykyoti Protoss - Winner!

Build Orders: Carriers, Carrier Rush 

Get SALT Encoding   

  12  0:00  Probe  
  13  0:12  Probe  
  14  0:19  Pylon  
  14  0:24  Probe  
  15  0:37  Probe  
  16  0:42  Gateway  
  16  0:51  Assimilator  
  16  0:52  Probe (Chrono Boost)  
  17  1:04  Probe (Chrono Boost)  
  18  1:09  Probe (Chrono Boost)  
  19  1:19  Assimilator, Probe  
  20  1:31  Probe  
  21  1:43  Probe  
  22  1:51  Nexus  
  22  1:55  Probe  
  23  2:04  Cybernetics Core  
  23  2:05  Pylon  
  23  2:26  Gateway  
  23  2:36  Forge  
  23  2:40  Warp Gate  
  23  2:43  Stalker (Chrono Boost)  
  25  3:03  Probe (Chrono Boost)  
  25  3:04  Probe (Chrono Boost), Stargate  
  29  3:13  Probe x2 (Chrono Boost)  
  29  3:17  Probe (Chrono Boost)  
  29  3:18  Probe (Chrono Boost)  
  29  3:20  Photon Cannon  
  29  3:22  Shield Battery  
  31  3:28  Probe  
  31  3:32  Adept  
  34  3:38  Pylon, Probe  
  34  3:40  Probe  
  36  3:50  Probe  
  36  3:54  Fleet Beacon  
  37  4:02  Probe x2  
  39  4:14  Probe  
  39  4:15  Probe  
  41  4:17  Assimilator  
  41  4:20  Pylon  
  41  4:26  Probe  
  41  4:27  Probe  
  41  4:29  Sentry  
  41  4:31  Adept  
  47  4:35  Carrier (Chrono Boost)  
  53  4:44  Probe x2  
  55  4:52  Pylon  
  55  4:58  Probe  
  55  4:59  Probe  
  57  5:02  Assimilator  
  57  5:10  Probe  
  57  5:13  Pylon  
  58  5:19  Photon Cannon  
  58  5:23  Pylon  
  58  5:43  Nexus  
  58  5:45  Photon Cannon  
  58  5:46  Carrier (Chrono Boost)  
  58  5:47  Pylon  
  58  5:48  Photon Cannon, Pylon, Protoss Shields Level 1  
  64  5:51  Pylon  
  64  6:13  Protoss Air Weapons Level 1 (Chrono Boost)  
  64  6:21  Stargate  
  64  6:22  Pylon  
  64  6:27  Gateway x2  
  64  6:29  Gateway  
  64  6:40  Sentry  
  72  6:54  Carrier (Chrono Boost)  
  72  7:02  Zealot  
  72  7:05  Probe x3  
  77  7:09  Carrier (Chrono Boost)  
  83  7:17  Probe x3  
  86  7:29  Probe x2  
  82  8:02  Pylon  
  82  8:06  Tempest  
  82  8:07  Carrier  
  93  8:15  Probe x3  
  93  8:17  Assimilator  
  96  8:21  Pylon  
  96  8:22  Assimilator  
  96  8:23  Shield Battery  
  96  8:24  Shield Battery  
  96  8:26  Photon Cannon  
  96  8:27  Photon Cannon, Probe  
  96  8:30  Photon Cannon  
  96  8:31  Probe x2  
  96  8:33  Pylon  
  99  8:39  Probe  
  100  8:43  Twilight Council, Protoss Air Armor Level 1 (Chrono Boost)  
  100  8:53  Gateway  
  100  8:55  Gateway  
  100  9:09  Probe x2  
  102  9:19  Zealot x4  
  102  9:20  Charge (Chrono Boost), Zealot  
  102  9:21  Nexus  
  112  9:25  Pylon  
  112  9:27  Pylon  
  112  9:28  Pylon  
  112  9:30  Pylon  
  108  10:11  Carrier x2  
  120  10:39  Robotics Facility, Probe  
  120  10:40  Probe x3  
  120  10:42  Shield Battery  
  124  10:44  Shield Battery  
  124  10:46  Photon Cannon  
  124  10:47  Photon Cannon  
  124  10:49  Photon Cannon  
  124  10:52  Probe  
  124  10:53  Photon Cannon  
  124  10:54  Photon Cannon  
  125  10:57  Stargate x2  
  125  10:59  Zealot x4  
  125  11:00  Zealot x3  
  139  11:17  Protoss Shields Level 2 (Chrono Boost)  
  139  11:32  Protoss Air Armor Level 2  
  133  11:39  Zealot  
  133  11:40  Zealot x5  
  133  11:41  Zealot  
  133  11:46  Templar Archives  
  145  11:51  Probe x4  
  149  11:54  Assimilator  
  149  11:59  Assimilator  
  149  12:02  Pylon, Phoenix  
  149  12:03  Phoenix x3  
  157  12:29  Observer (Chrono Boost)  
  150  12:42  Mothership (Chrono Boost)  
  150  12:43  Observer (Chrono Boost)  
  145  12:52  Tempest  
  145  12:53  Tempest x3  
  145  12:56  Zealot x4  
  145  12:57  Zealot x3  
  179  13:07  Forge  
  179  13:08  Observer  
  180  13:17  High Templar x2  
  180  13:18  High Templar x2  
  188  13:26  Pylon  
  188  13:34  Nexus  
  188  13:37  Protoss Shields Level 3  
  188  13:38  Pylon  
  188  13:40  Pylon, Protoss Ground Weapons Level 1  
  188  13:41  Psionic Storm  
  188  13:43  Pylon  
  188  13:46  Pylon  
  188  13:48  Pylon  
  188  13:55  Protoss Air Weapons Level 2  
  188  14:05  High Templar x2  
  188  14:06  High Templar x2  
  188  14:08  High Templar  
  188  14:09  High Templar  
  200  14:11  Archon x2  
  200  14:12  Archon x2  
  200  14:13  Archon  
  199  15:18  Pylon  
  199  15:19  Pylon  
  199  15:20  Pylon x2  
  199  15:22  Pylon  
  199  15:34  Pylon x2  
  199  15:35  Pylon, Nexus  
  199  15:36  Pylon  
  199  15:39  Pylon x2  
  185  15:56  Zealot x3  
  185  15:57  Zealot x3  
  195  16:32  Assimilator  
  195  16:36  Assimilator  
  195  16:39  Photon Cannon  
Show
View Real Time Build Order
Export as new Build Order

MrFercho Zerg 

Build Orders: Hatch First 

Get SALT Encoding   

  12  0:00  Drone  
  13  0:13  Overlord  
  13  0:17  Drone  
  14  0:33  Drone  
  14  0:34  Drone  
  16  0:50  Hatchery  
  16  0:52  Drone  
  16  0:56  Drone  
  17  1:00  Drone  
  18  1:10  Extractor  
  17  1:21  Spawning Pool  
  17  1:22  Drone x2  
  18  1:31  Drone  
  19  1:48  Drone  
  19  1:52  Overlord  
  20  2:01  Drone  
  20  2:08  Queen, Drone  
  22  2:09  Queen  
  22  2:14  Zergling x4  
  28  2:30  Drone x2  
  30  2:37  Overlord  
  30  2:38  Drone  
  31  2:45  Drone x2  
  31  2:47  Queen  
  31  2:50  Lair  
  35  2:55  Drone  
  36  3:01  Drone  
  37  3:16  Overlord  
  37  3:19  Zergling x4  
  39  3:45  Roach Warren  
  38  3:48  Queen  
  38  3:51  Evolution Chamber  
  39  4:12  Overseer  
  39  4:15  Drone x5  
  44  4:17  Overlord x2  
  44  4:18  Overlord  
  44  4:19  Zerg Missile Weapons Level 1  
  44  4:28  Glial Reconstitution  
  44  4:36  Drone  
  44  4:37  Drone  
  44  4:38  Drone x3  
  47  4:39  Drone x2  
  47  4:43  Extractor  
  47  4:45  Extractor  
  49  5:00  Drone x3  
  49  5:02  Drone  
  53  5:12  Overlord  
  53  5:15  Roach x5  
  63  5:24  Queen  
  65  5:45  Roach  
  65  5:46  Roach x3  
  73  6:04  Spore Crawler  
  73  6:05  Spore Crawler  
  73  6:08  Hatchery  
  70  6:11  Overlord x2  
  70  6:17  Zerg Missile Weapons Level 2  
  70  6:38  Overlord  
  70  6:43  Drone x13  
  83  6:52  Hatchery, Hydralisk Den  
  81  6:56  Hydralisk Den  
  81  6:57  Extractor, Drone x3  
  81  6:58  Drone  
  82  7:17  Drone  
  83  7:23  Grooved Spines  
  83  7:26  Muscular Augments  
  83  7:33  Drone x5  
  83  7:34  Drone x5  
  83  7:35  Queen  
  95  7:50  Evolution Chamber  
  90  8:00  Hydralisk x9  
  90  8:01  Hydralisk  
  96  8:11  Drone x3  
  99  8:16  Infestation Pit  
  99  8:17  Spire  
  99  8:18  Hydralisk x3  
  103  8:26  Extractor  
  102  8:27  Extractor  
  102  8:29  Spore Crawler  
  100  8:35  Overlord  
  100  8:36  Overlord x4  
  100  8:38  Overlord x2  
  100  8:39  Overlord  
  100  8:42  Overseer  
  100  8:43  Overseer  
  100  8:45  Zerg Ground Armor Level 1  
  100  8:56  Drone x2  
  100  9:02  Hydralisk x4  
  104  9:03  Hydralisk  
  112  9:27  Hydralisk  
  112  9:28  Hydralisk x7  
  128  9:43  Overlord, Hydralisk x5  
  139  9:45  Zergling x4  
  139  9:46  Zergling x22  
  139  9:50  Metabolic Boost  
  135  10:10  Hydralisk x7  
  135  10:14  Hatchery  
  128  10:26  Overlord  
  128  10:37  Hive  
  128  10:38  Zerg Flyer Weapons Level 1  
  128  10:44  Zerg Ground Armor Level 2  
  128  10:47  Hydralisk x2  
  132  10:51  Drone  
  132  10:52  Drone x11  
  144  11:24  Lurker Den  
  143  11:34  Zerg Melee Weapons Level 1  
  143  11:59  Extractor  
  143  12:00  Extractor, Overlord x3  
  143  12:01  Hydralisk x17  
  141  12:02  Hydralisk x2  
  171  12:58  Drone  
  171  12:59  Drone x14  
  171  13:05  Hydralisk x6  
  188  13:11  Zerg Missile Weapons Level 3  
  198  13:15  Seismic Spines  
  198  13:24  Greater Spire  
  198  13:56  Spore Crawler  
  198  13:57  Drone x2  
  199  14:12  Adaptive Talons  
  119  15:01  Hydralisk x20  
  119  15:02  Hydralisk x19  
  168  15:22  Corruptor  
  168  15:23  Corruptor x6  
  182  15:31  Overseer  
  178  15:44  Hatchery  
  131  15:53  Zergling x4  
  131  15:54  Zergling x58  
  131  15:55  Zergling x14  
  139  16:03  Hydralisk x4  
  113  16:15  Hydralisk x10  
Tags
 
Composition
Carriers
League
GoldGold
Matchup
PvZ
Replay Pack
MrFercho
Spawn Locations
Cross Positions
Strategy
Carrier Rush
Add a new tag
Caveats
  • Supply blocks, unpowered buildings, or Contaminate may cause inaccurate times.
  • Supply counts are checked every 10 seconds.